 Dungeon Crawl Stone Soup version 0.32-a0-799-g95e1662365 (webtiles) character file.

Game seed: 17382634340785825886

4947 cforsyth the Arsonist (level 10, -2/90 HPs)
             Began as a Mountain Dwarf Cinder Acolyte on Mar 21, 2024.
             Was a High Priest of Ignis.
             Slain by a death yak simulacrum (5 damage)
             ... in an ice cave.
             The game lasted 00:17:32 (11419 turns).

cforsyth the Arsonist (MDCA)                       Turns: 11419, Time: 00:17:34

Health: -2/90      AC: 14    Str: 21    XL:     10   Next: 28%
Magic:  1/19       EV:  7    Int: 15    God:    Ignis [*****.]
Gold:   529        SH:  5    Dex:  5    Spells: 19/21 levels left

rFire   + . .        b - +1 demon whip (freeze)
rCold   + . .        (no shield)
rNeg    . . .        z - +0 chain mail
rPois   .            (no helmet)
rElec   .            y - +0 cloak
rCorr   .            n - +1 pair of gloves
SInv    +            (no boots)
Will    +....        d - amulet of reflection Stlth
                     C - ring of protection from cold
HPRegen 0.35/turn    v - ring of see invisible
MPRegen 0.16/turn

%: reflection
@: invisible
A: runic magic, artefact enchanting
a: Renounce Religion, Fiery Armour, Foxfire Swarm, Rising Flame


You were in an ice cave.
You worshipped Ignis.
Ignis was extremely pleased with you.
You visited 1 branch of the dungeon, and saw 10 of its levels.
You also visited: Ice Cave.

You collected 529 gold pieces.


Innate Abilities, Weirdness & Mutations

Your spellcasting is much less encumbered by armour.
You can use scrolls of enchantment on lesser artefacts.


   Skills:
 + Level 8.7 Fighting
 - Level 6.2 Axes
 + Level 8.0 Armour
 + Level 6.1 Spellcasting
 + Level 9.4 Fire Magic


You had 19 spell levels left.
You knew the following spells:

 Your Spells              Type           Power      Damage    Failure   Level
X - Scorch                Fire           66%        2d7       1%          2

Your spell library contained the following spells:

 Spells                   Type           Power      Damage    Failure   Level
 Magic Dart               Conj           16%        1d3       22%         1
 Sting                    Conj/Alch      16%        1d4       22%         1
 Blink                    Tloc           8%         N/A       32%         2
 Call Imp                 Summ           8%         N/A       32%         2
 Mercury Vapours          Alch/Air       8%         N/A       32%         2
 Gell's Gravitas          Tloc           4%         N/A       54%         3
 Hailstorm                Conj/Ice       4%         3d5       54%         3
 Sigil of Binding         Hex            4%         N/A       54%         3
 Summon Ice Beast         Ice/Summ       4%         N/A       54%         3
 Teleport Other           Tloc           4%         N/A       54%         3
 Olgreb's Toxic Radiance  Alch           4%         N/A       91%         4
 Death Channel            Necr           2%         N/A       100%        6
 Dispersal                Tloc           2%         N/A       100%        6
 Permafrost Eruption      Ice/Erth       2%         2x4d2     100%        6
 Sculpt Simulacrum        Ice/Alch       2%         N/A       100%        6

Inventory:

Hand Weapons
 a - a -1 hand axe of flaming
 b - a +1 demon whip of freezing (weapon)
Missiles
 h - 3 throwing nets {=f}
Armour
 n - a +1 pair of gloves (worn)
 y - a +0 cloak (worn)
 z - a +0 chain mail (worn)
Jewellery
 d - an amulet of reflection (around neck)
 u - an amulet of the acrobat
 v - a ring of see invisible (right hand)
 C - a ring of protection from cold (left hand)
Scrolls
 e - a scroll of enchant weapon
 g - 2 scrolls of teleportation {@r2}
 p - a scroll of poison
 q - a scroll of fog
Potions
 j - a potion of brilliance {unknown}
 k - a potion of haste {unknown}
 m - a potion of might {unknown}
 o - 4 potions of mutation
 r - a potion of enlightenment {unknown}
 t - a potion of invisibility
 w - a potion of magic {unknown}
 A - 5 potions of curing {@q1}
 B - a potion of lignification {unknown}
 D - a potion of berserk rage {unknown}

Dungeon Overview and Level Annotations

Branches:
Dungeon (11/15)            Temple (0/1) D:5           IceCv (1/1)
   Lair: D:8-11         Orc: D:9-12

Altars:
Dithmenos
Elyvilon
Hepliaklqana
Nemelex Xobeh
Trog
Wu Jian

Shops:
D:1 =   D:3 ((   D:7 *

Annotations:
D:2 1 runed translucent door, Crazy Yiuf
D:4 1 transporter
D:7 2 runed translucent doors, Griffin23's ghost, novice MiFi
D:8 2 runed translucent doors, Jeremiah

#### # ##..## ####
. ##....#####..##
#Z
#.......##Z..4##..
#@Z.∩.....Z.#...4Z
#.4........###.Z..
##....##..## ###..
##..###### #. ####
.


You could see an ice devil (unable to see you) and a death yak simulacrum
(unable to see you, combustible).


Message History

You fade into invisibility!
You block the death yak simulacrum's attack.
The ice devil hits you!
* * * LOW HITPOINT WARNING * * *
The ice devil freezes you! You resist.
* * * LOW HITPOINT WARNING * * *
Unknown command.
Unknown command.
You hit the death yak simulacrum.
The death yak simulacrum is heavily damaged.
The ice devil hits you!
* * * LOW HITPOINT WARNING * * *
The ice devil freezes you! You resist.
* * * LOW HITPOINT WARNING * * *
The death yak simulacrum gores you but does no damage.
Unknown command.
Unknown command.
You whack the death yak simulacrum!
The death yak simulacrum is almost destroyed.
Unknown command.
Unknown command.
Casting: Scorch (safe; 1% risk of failure)
Confirm with . or Enter, or press ? or * to list all spells.
Flames lash the death yak simulacrum.
The death yak simulacrum is almost destroyed.
The death yak simulacrum's fire resistance burns away.
The ice devil is no longer more vulnerable to fire.
The death yak simulacrum gores you.
You die...
Ignis goes out, and joins you in death.

Skill      XL: |  1  2  3  4  5  6  7  8  9 10 |
---------------+-------------------------------+-----
Armour         | 1 2 3 4 5 7 8 |  8.0
Axes           | 4 5 6 |  6.2
Fire Magic     | 4 5 6 7 9 |  9.4
Fighting       | 4 5 6 8 |  8.7
Spellcasting   | 2 3 4 5 6 |  6.1

Action                     |  1- 3 |  4- 6 |  7- 9 | 10-12 || total
---------------------------+-------+-------+-------+-------++-------
  Melee: Hand axe          |    71 |    66 |    58 |       ||   195
         Demon whip        |       |       |    91 |    42 ||   133
   Cast: Scorch            |    21 |    62 |   193 |    20 ||   296
  Evoke: Wand              |       |     3 |       |       ||     3
    Use: Potion            |       |       |     4 |     3 ||     7
         Scroll            |       |       |       |    13 ||    13
 Armour: Robe              |    33 |    56 |       |       ||    89
         Scale mail        |       |    17 |    35 |       ||    52
         Chain mail        |       |       |   134 |    51 ||   185
  Dodge: Dodged            |    38 |    73 |    80 |    16 ||   207
  Block: Other             |       |    16 |    35 |    15 ||    66
         Reflection        |       |       |     1 |       ||     1

Levels and vault maps discovered:
D:1:      lemuel_arrival_lava_pool, layout_loops_ring, serial_shops, shop,
          shapermc_ecumenical_altar_pompeii
D:2:      layout_loops_corners, uniq_crazy_yiuf_cottage
D:3:      layout_basic, serial_shops, shop, nicolae_shop_peninsula,
          dk_noncrumbling_2, roderic_serpentine_path
D:4:      layout_loops_ring, nicolae_elyvilon_peaceful_grove,
          grunt_nemelex_the_gamble, grunt_ministairs_13
D:5:      nicolae_cairo_tiling_large_dashed, layout_gridville,
          old_standard_altar, minmay_temple_entry_drinking_statues, minmay_bent
D:6:      layout_loops_corners, riverfiend_overflow_shadow_ancestor,
          uniq_blork_the_orc
D:7:      layout_loops_corners, tgw_trog, ebering_ghost_disaster_area,
          kennysheep_big_empty_room, minmay_shop_mass, supply_closet_lemuel
D:8:      layout_basic, grunt_temple_overflow_diamond,
          grunt_lair_entry_orc_guard_hut, gammafunk_ghost_cemetery,
          minmay_manual_mail, uniq_jeremiah, uniq_grum
D:9:      cheibrodos_wizards_tower, layout_small_grid,
          mainiacjoe_overflow_boulevard, orc_0_dummy, dreamdust_gnoll_shepherd
D:11:     layout_basic, portal_ice_cave_rime, minivault_23
IceCv:    ice_cave_small_demon

Notes
Turn   | Place    | Note
-------+----------+-------------------------------------------
     0 | D:1      | cforsyth the Mountain Dwarf Cinder Acolyte began the quest
                  | for the Orb.
     0 | D:1      | Reached XP level 1. HP: 19/19 MP: 2/2
   170 | D:1      | Found Relon's Jewellery Boutique.
   188 | D:1      | Found a faded altar of an unknown god.
   218 | D:1      | Reached XP level 2. HP: 26/26 MP: 3/3
   227 | D:1      | Learned a level 2 spell: Scorch
   388 | D:1      | Reached skill level 1 in Armour
   676 | D:2      | Reached skill level 4 in Axes
   677 | D:2      | Reached XP level 3. HP: 30/31 MP: 3/5
   814 | D:2      | Reached skill level 4 in Fire Magic
  1779 | D:2      | Found a runed translucent door.
  1780 | D:2      | Noticed Crazy Yiuf
  2183 | D:3      | Reached XP level 4. HP: 40/40 MP: 1/6
  2295 | D:3      | Found Buuck's Weapon Shop.
  2542 | D:3      | Found Senlekho's Weapon Shop.
  3069 | D:3      | Reached skill level 2 in Armour
  3257 | D:4      | Found a sparkling altar of Nemelex Xobeh.
  3257 | D:4      | Found a transporter.
  3259 | D:4      | Noticed a centaur
  3285 | D:4      | Noticed an ogre
  3289 | D:4      | Killed an ogre
  3290 | D:4      | Reached skill level 4 in Fighting
  3290 | D:4      | Reached skill level 2 in Spellcasting
  3290 | D:4      | Reached XP level 5. HP: 46/46 MP: 0/8
  3851 | D:4      | Reached XP level 6. HP: 53/53 MP: 4/9
  3922 | D:4      | Found a white marble altar of Elyvilon.
  4010 | D:4      | Reached skill level 5 in Axes
  4478 | D:5      | Entered Level 5 of the Dungeon
  4487 | D:5      | Found a staircase to the Ecumenical Temple.
  4684 | D:5      | Reached skill level 3 in Armour
  4763 | D:5      | Found an ornate altar of the Wu Jian Council.
  4803 | D:5      | Reached skill level 5 in Fire Magic
  5080 | D:5      | Noticed a water moccasin
  5085 | D:5      | Reached XP level 7. HP: 53/60 MP: 3/11
  5110 | D:5      | Reached skill level 5 in Fighting
  5116 | D:5      | HP: 3/61 [iguana (8)]
  5123 | D:5      | HP: 2/61 [iguana (6)]
  5131 | D:5      | HP: 5/61 [iguana (3)]
  5132 | D:5      | HP: 1/61 [iguana (4)]
  5392 | D:5      | Noticed a steam dragon
  5429 | D:5      | Killed a steam dragon
  5430 | D:5      | Reached skill level 4 in Armour
  5430 | D:5      | Reached skill level 3 in Spellcasting
  5525 | D:5      | Reached skill level 6 in Axes
  5620 | D:5      | Reached skill level 6 in Fire Magic
  5813 | D:5      | Identified the +4 sling "Tujuy" {freeze, rN++ Int-2 Stlth+}
  5982 | D:5      | Reached XP level 8. HP: 62/69 MP: 4/13
  6350 | D:6      | Noticed Blork the orc
  6365 | D:6      | Killed Blork the orc
  6670 | D:6      | Reached skill level 6 in Fighting
  6670 | D:6      | Reached skill level 5 in Armour
  7053 | D:6      | Reached skill level 4 in Spellcasting
  7228 | D:6      | Found a hazy altar of Hepliaklqana.
  7229 | D:6      | Found a shadowy altar of Dithmenos.
  7639 | D:7      | Found a large runed translucent door.
  7639 | D:7      | Found a large runed translucent door.
  7642 | D:7      | Identified the +2 chain mail of Curiosity {Harm rC- rN+++
                  | Int-5}
  7645 | D:7      | Noticed Griffin23's ghost (novice MiFi)
  7679 | D:7      | Reached skill level 7 in Fire Magic
  7850 | D:7      | Identified the +5 scale mail "Rirch" {rPois Will- Regen+
                  | Slay+6}
  8303 | D:7      | Found Naazis's Mass Market.
  8365 | D:7      | Reached XP level 9. HP: 78/78 MP: 6/15
  8531 | D:7      | Noticed a moth of wrath
  8751 | D:7      | Found a bloodstained altar of Trog.
  8790 | D:7      | Killed a moth of wrath
  8791 | D:7      | Reached skill level 7 in Fighting
  8791 | D:7      | Reached skill level 6 in Armour
  9423 | D:8      | Reached skill level 8 in Fire Magic
  9425 | D:8      | Reached skill level 5 in Spellcasting
  9686 | D:8      | Noticed Jeremiah
 10740 | D:9      | Reached skill level 7 in Armour
 10778 | D:8      | Found a runed translucent gate.
 10778 | D:8      | Found a runed translucent gate.
 10782 | D:8      | Reached skill level 8 in Fighting
 10784 | D:8      | Noticed a cyan ugly thing
 10787 | D:8      | Noticed a brown ugly thing
 10788 | D:8      | Noticed a manticore
 10804 | D:9      | Killed a cyan ugly thing
 10954 | D:9      | Noticed a two-headed ogre
 10971 | D:9      | Killed a two-headed ogre
 10972 | D:9      | Reached skill level 9 in Fire Magic
 10972 | D:9      | Reached XP level 10. HP: 58/90 MP: 4/18
 11079 | D:9      | You fall into a shaft and drop 2 floors!
 11118 | D:11     | Reached skill level 6 in Spellcasting
 11210 | D:11     | Found a frozen archway.
 11235 | IceCv    | Entered an ice cave
 11394 | IceCv    | Reached skill level 8 in Armour
 11417 | IceCv    | HP: 3/90 [ice devil (7)]
 11419 | IceCv    | Slain by a death yak simulacrum

Vanquished Creatures
  A two-headed ogre (D:9)
  An ugly thing (D:9)
  A moth of wrath (D:7)
  A rime drake (D:11)
  A hornet (D:8)
  A steam dragon (D:5)
  A water moccasin (D:5)
  2 ice beasts
  3 orc warriors
  2 sky beasts
  A black bear (D:5)
  2 ogres
  A wolf (D:8)
  A phantom (D:5)
  A centaur (D:7)
  A kobold brigand (D:7)
  Blork the orc (D:6)
  A two-headed ogre simulacrum (IceCv)
  6 bullfrogs
  4 scorpions
  2 howler monkeys
  2 sleepcaps
  2 hounds (D:4)
  An orc priest (D:5)
  3 gnoll boudas
  4 iguanas
  5 orc wizards
  A spriggan simulacrum (IceCv)
  2 troll simulacra (IceCv)
  12 gnolls
  6 adders
  2 white imps
  An ufetubus (D:5)
  8 dart slugs
  6 ribbon worms
  29 orcs
  10 endoplasms
  3 giant cockroaches
  6 goblins
  8 hobgoblins
  5 jackals
  A quokka (D:1)
  3 ball pythons
  3 bats
  3 frilled lizards
  12 kobolds
  8 rats
181 creatures vanquished.

Table legend: (Time is in decaauts)
 A = Elapsed time spent in this place.
 B = Non-inter-level travel time spent in this place.
 C = Inter-level travel time spent in this place.
 D = Time resting spent in this place.
 E = Time spent auto-exploring this place.
 F = Levels seen in this place.
 G = Mean time per level.
                   A        B        C        D        E       F      G
               +--------+--------+--------+--------+--------+-----+--------+
         Total |  11424 |  11214 |    210 |   1336 |   8166 |  11 | 1038.5 |
       Dungeon |  11240 |  11030 |    210 |   1274 |   8154 |  10 | 1124.0 |
      Ice Cave |    183 |    183 |      0 |     62 |     12 |   1 |  183.0 |
               +--------+--------+--------+--------+--------+-----+--------+

Top non-repeatable levels by time:
     D:7: 2481 daAuts
     D:5: 1542 daAuts
     D:4: 1541 daAuts
     D:2: 1347 daAuts
     D:6: 1328 daAuts
     D:3: 1148 daAuts
     D:8: 675 daAuts
     D:1: 674 daAuts
     D:9: 347 daAuts
   IceCv: 183 daAuts
    D:11: 153 daAuts

Table legend:
 A = Non-vault XP
 B = Vault XP
 C = Vault XP percentage of total XP
 D = Non-vault monster count
 E = Vault monster count
 F = Vault count percentage of total count
                 A         B        C        D         E       F
            +---------+---------+-------+---------+---------+-------
      Total |    4471 |    2597 |  36.7 |     153 |      28 |  15.5
            +---------+---------+-------+---------+---------+-------
        D:1 |      37 |       0 |   0.0 |      19 |       0 |   0.0
        D:2 |      48 |       0 |   0.0 |      20 |       0 |   0.0
        D:3 |      65 |       0 |   0.0 |      19 |       0 |   0.0
        D:4 |     316 |       4 |   1.2 |      19 |       2 |   9.5
        D:5 |     682 |     350 |  33.9 |      15 |       7 |  31.8
        D:6 |     611 |      99 |  13.9 |      13 |       1 |   7.1
        D:7 |     784 |     538 |  40.7 |      22 |       6 |  21.4
        D:8 |     725 |     473 |  39.5 |      15 |       5 |  25.0
        D:9 |     912 |     568 |  38.4 |       2 |       1 |  33.3
       D:11 |     291 |     364 |  55.6 |       9 |       1 |  10.0
      IceCv |       0 |     201 | 100.0 |       0 |       5 | 100.0
            +---------+---------+-------+---------+---------+-------
